 Dungeon Crawl Stone Soup version 0.20.1-1-g8b1a95d (webtiles) character file.

72198 renl the Martial Artist (level 15, -8/138 HPs)
             Began as a Naga Transmuter on July 16, 2017.
             Was the Champion of Cheibriados.
             Splashed with acid (14 damage)
             ... on level 6 of the Lair of Beasts on July 17, 2017.
             The game lasted 03:43:57 (18746 turns).

renl the Martial Artist (Naga Transmuter)          Turns: 18746, Time: 03:43:57

Health: -8/138     AC: 12    Str: 28    XL:     15   Next: 39%
Magic:  21/21      EV: 19    Int: 28    God:    Cheibriados [******]
Gold:   1185       SH:  0    Dex: 38    Spells: 4/18 levels left

rFire    . . .     SeeInvis +     - Unarmed
rCold    + + .     Gourm    .   (no shield)
rNeg     . . .     Faith    .   H - +2 ring mail of Bauras {rC+ Dex+2}
rPois    +         Spirit   .   e - +0 helmet
rElec    .         Reflect  .   p - +0 cloak {+Inv}
rCorr    .         Harm     .   q - +0 pair of gloves {Dex+3}
MR       +++..                  (no barding)
Stlth    ++........             (no amulet)
Regen    0.4/turn               O - ring of protection from magic
MPRegen  0.2/turn               m - ring of protection from magic

@: very slow
A: see invisible, blink, cold resistance 1, deformed body, poison resistance,
slowness 2, slow metabolism 1, spit poison 1, constrict 1, AC +5
a: Spit Poison, Blink, Bend Time, Temporal Distortion, Slouch, Step From Time,
Renounce Religion, Evoke Invisibility


You were on level 6 of the Lair of Beasts.
You worshipped Cheibriados.
Cheibriados was exalted by your worship.
You were not hungry.

You visited 3 branches of the dungeon, and saw 19 of its levels.
You also visited: Labyrinth.

You collected 1185 gold pieces.

Inventory:

Hand Weapons
 a - a +0 arbalest
Missiles
 f - 135 bolts
 I - 147 arrows
Armour
 e - a +0 helmet (worn)
 p - a +0 cloak of invisibility (worn)
 q - a +0 pair of gloves of dexterity (worn)
 H - the +2 ring mail of Bauras (worn) {rC+ Dex+2}
   (You took it off a goblin on level 6 of the Dungeon)

   It affects your dexterity (+2).
   It protects you from cold.
Jewellery
 m - a ring of protection from magic (right hand)
 w - an uncursed ring of protection from magic
 O - a ring of protection from magic (left hand)
Wands
 l - a wand of digging (11/24)
 J - a wand of enslavement (6/24)
Scrolls
 g - 7 scrolls of teleportation
 i - 8 scrolls of fog
 k - 6 scrolls of recharging
 o - 7 scrolls of identify
 r - 2 scrolls of magic mapping
 B - 6 scrolls of remove curse
 C - 3 scrolls of amnesia
 D - 2 scrolls of enchant weapon {unknown}
Potions
 b - a potion of mutation
 c - a potion of magic {unknown}
 h - 3 potions of agility
 j - 4 potions of ambrosia
 n - 3 potions of heal wounds
 s - 7 potions of curing
 t - 2 potions of invisibility
 v - 3 potions of lignification
 K - a potion of flight
 N - 3 potions of cancellation
 Y - a potion of brilliance
Books
 u - a book of Necromancy

   Spells                             Type                      Level
   a - Pain                           Necromancy                   1
   b - Animate Skeleton               Necromancy                   1
   c - Vampiric Draining              Necromancy                   3
   d - Regeneration                   Charms/Necromancy            3
   e - Animate Dead                   Necromancy                   4
   f - Control Undead                 Necromancy                   4
Miscellaneous
 y - a lamp of fire
 F - a lightning rod (4/4)
 X - a box of beasts
 Z - a fan of gales
Comestibles
 d - 15 bread rations
 x - 7 meat rations
 z - 6 royal jellies
 A - 6 chunks of flesh
 E - 4 fruits


   Skills:
 + Level 10.1 Fighting
 * Level 11.9 Crossbows
 + Level 8.6 Dodging
 * Level 14.4 Unarmed Combat
 - Level 2.0 Spellcasting
 - Level 9.7 Transmutations
 * Level 9.2 Invocations


You had 4 spell levels left.
You knew the following spells:

 Your Spells              Type           Power        Failure   Level  Hunger
b - Sticks to Snakes      Tmut           ######..     1%          2    ##.....
c - Spider Form           Tmut/Pois      ####......   5%          3    ###....
d - Blade Hands           Tmut           ######....   7%          5    ######.
e - Ice Form              Ice/Tmut       ####....     19%         4    ####...


Dungeon Overview and Level Annotations

Branches:
Dungeon (12/15)            Temple (1/1) D:7            Lair (6/6) D:9
  Swamp (0/4) Lair:2       Spider (0/4) Lair:4        Slime (0/5) Lair:6
    Orc (0/2) D:11

Altars:
Ashenzari
Cheibriados
Dithmenos
Elyvilon
Fedhas
Gozag
Hepliaklqana
Kikubaaqudgha
Makhleb
Nemelex Xobeh
Okawaru
Qazlal
Ru
Sif Muna
Trog
Uskayaw
Vehumet
Xom
Yredelemnul
Zin
The Shining One

Portals:
Trove: D:12 (give +7 demon trident)

Annotations:
Lair:6 2 runed doors, exclusion: 2 doors


Innate Abilities, Weirdness & Mutations

You cannot wear boots.
Your serpentine skin is tough. (AC +5)
You have supernaturally acute eyesight. (SInv)
Armour fits poorly on your strangely shaped body.
Your system is resistant to poisons. (rPois)
You cover ground very slowly.
You have a slow metabolism.
You can spit poison.
You can use your snake-like lower body to constrict enemies.
You can translocate small distances at will.
Your flesh is cold resistant. (rC+)


Message History

You punch the crocodile! You punch the crocodile.
The crocodile is almost dead.
You constrict the crocodile. The crocodile closely misses you.
You hit the crocodile.
You kill the crocodile!
Cheibriados thoroughly appreciates the change of pace.
You see here a crocodile corpse.
You butcher the crocodile corpse.
A - 6 chunks of flesh You are splashed with acid!
The wall burns you!
You are splashed with acid!
The wall burns you!
f - 135 bolts (gained 1)
You are splashed with acid!
The wall burns you!
You are splashed with acid!
The wall burns you!
You are splashed with acid!
The walls burn you!
* * * LOW HITPOINT WARNING * * *
You are splashed with acid!
The wall burns you!
* * * LOW HITPOINT WARNING * * *
You are splashed with acid!
The wall burns you!
You die...

####.#PP.#P...............#
.P...PP............?......#
.P.....P..##.......#......##
..P.#..#...#...............#
##...##....#...#.....#.....#
.....###..#.......>........#
...............#.....#.....##
......#............?........#
......#P........@#.#......###
.....##...##..............#
.....##.....#.............#
.###..##................###
...#..##.............[...#
.......................###
.......................#
.......................#
......................##


There were no monsters in sight!

Vanquished Creatures
  Kirke (D:12)
  The ghost of ElMuncho the Brawler, a journeyman DrMo of Qazlal (Lair:6)
  A minotaur (Lab)
  3 hydras
  Harold (D:10)
  Fannar (Lair:3)
  A catoblepas (Lair:3)
  6 two-headed ogres
  The ghost of AverageBear the Nimble, a journeyman DEFi of Ashenzari (Lair:1)
  Sonja (Lair:3)
  A queen ant (Lair:2)
  2 unseen horrors (D:10)
  Pikel (D:8)
  A lindwurm (Lair:6)
  A deep elf mage (D:12)
  2 cyclopes (D:12)
  Maurice (D:9)
  10 black mambas
  11 elephants
  3 molten gargoyles (Lair:6)
  A centaur skeleton (D:11)
  Psyche (D:9)
  2 gargoyles (Lab)
  13 spiny frogs
  9 komodo dragons
  4 rime drakes
  A polar bear (Lair:4)
  2 trolls (D:9)
  A jumping spider (Lair:4)
  4 slime creatures (D:12)
  A minotaur skeleton (Lab)
  32 blink frogs
  7 hippogriffs
  5 shadows
  6 redbacks
  A wraith (D:10)
  2 wyverns
  Grum (D:11)
  12 basilisks
  72 yaks
  4 hogs (D:12)
  3 hungry ghosts
  2 steam dragons
  An acid dragon (D:11)
  10 water moccasins
  5 soldier ants (Lair:2)
  Duvessa (D:7)
  3 hell hounds (Lair:6)
  6 porcupines
  7 orc warriors
  3 black bears
  An eye of draining (D:9)
  2 phantoms
  6 ogres
  4 sky beasts
  2 necrophages
  24 wolves
  4 centaurs
  8 crocodiles
  A big kobold (D:12)
  19 bullfrogs
  Dowan (D:7)
  A water moccasin zombie (D:7)
  6 scorpions
  A wyvern skeleton (D:6)
  28 killer bees
  8 wights
  An electric eel (D:9)
  6 howler monkeys
  A troll skeleton (Lab)
  4 centaur zombies
  5 lava snakes (Lair:6)
  2 bullfrog zombies
  2 crimson imps
  3 quasits
  Crazy Yiuf (D:5)
  10 hounds
  7 jellies
  6 orc priests
  11 orc wizards
  2 bullfrog skeletons
  Jessica (D:3)
  Natasha (thrice) (D:3)
  4 iguanas
  16 worker ants
  A hound zombie (D:8)
  3 hound skeletons
  A howler monkey zombie (D:6)
  3 worker ant zombies
  10 adders
  5 shadow imps
  5 oozes
  An adder skeleton (D:6)
  2 worms
  A dart slug (D:2)
  6 leopard geckos
  53 orcs
  A ball python (D:1)
  2 giant cockroaches
  2 hobgoblins
  5 jackals
  2 quokkas (D:3)
  8 bats
  6 frilled lizards
  A giant cockroach zombie (D:6)
  12 goblins
  A jackal skeleton (D:6)
  10 kobolds
  4 rats
  A fungus (Lair:3)
619 creatures vanquished.

Vanquished Creatures (collateral kills)
  2 hydras
  A troll (D:8)
  Grinder (D:6)
  A water moccasin (Lair:1)
  An ice beast (D:9)
  A necrophage (D:8)
  A phantom (D:4)
  An ogre (D:5)
  A water moccasin skeleton (D:6)
  A killer bee (D:10)
  A wight (D:10)
  An electric eel (D:9)
  4 crimson imps
  A hound (D:9)
  An adder (D:2)
  2 jackals (D:2)
  A bat (D:2)
22 creatures vanquished.

Vanquished Creatures (others)
  4 slaves (D:8)
  An ogre (D:8)
  2 killer bees (D:8)
  A hound (D:8)
  A hound skeleton (D:8)
  11 fungi
  4 plants (Lair:6)
24 creatures vanquished.

Grand Total: 665 creatures vanquished

Notes
Turn   | Place    | Note
-------+----------+-------------------------------------------
     0 | D:1      | renl the Naga Transmuter began the quest for the Orb.
     0 | D:1      | Reached XP level 1. HP: 18/18 MP: 3/3
   237 | D:1      | Reached XP level 2. HP: 9/25 MP: 3/5
   241 | D:1      | Learned a level 2 spell: Sticks to Snakes
  1050 | D:2      | Reached XP level 3. HP: 18/31 MP: 6/6
  1308 | D:2      | Learned a level 3 spell: Spider Form
  1760 | D:3      | Reached XP level 4. HP: 38/38 MP: 7/7
  1836 | D:3      | Noticed Natasha
  1868 | D:3      | Killed Natasha
  1965 | D:3      | Noticed Natasha
  1972 | D:3      | Killed Natasha
  1972 | D:3      | Reached skill level 5 in Transmutations
  1972 | D:3      | Reached XP level 5. HP: 35/44 MP: 4/8
  2214 | D:3      | Noticed Natasha
  2221 | D:3      | Killed Natasha
  2298 | D:3      | Found a burning altar of Makhleb.
  2298 | D:3      | Noticed a blizzard demon
  2301 | D:3      | Noticed a ynoxinul
  2301 | D:3      | Noticed an orange demon
  2658 | D:3      | Reached XP level 6. HP: 49/51 MP: 9/9
  2704 | D:3      | You fall through a shaft!
  2830 | D:3      | Noticed Jessica
  2889 | D:3      | Killed Jessica
  3084 | D:4      | Noticed a phantom
  3126 | D:4      | Killed a phantom
  3126 | D:4      | Reached skill level 4 in Unarmed Combat
  3126 | D:4      | Reached XP level 7. HP: 17/60 MP: 1/10
  3715 | D:5      | Entered Level 5 of the Dungeon
  3765 | D:5      | Reached skill level 5 in Unarmed Combat
  3822 | D:5      | Reached XP level 8. HP: 29/69 MP: 1/11
  4104 | D:5      | Found a runed door.
  4108 | D:5      | Got a twisted mace
  4109 | D:5      | Identified the +1 mace of Slime {crush, rC+ MR+ Str+2} (You found it on level 5 of the Dungeon)
  4112 | D:5      | Noticed Crazy Yiuf
  4120 | D:5      | Killed Crazy Yiuf
  4159 | D:6      | Noticed Grinder
  4257 | D:6      | Killed Grinder
  4257 | D:6      | Reached skill level 6 in Unarmed Combat
  4428 | D:6      | Identified Sif Muna's Collected Works on the Flying Frostbite
  4444 | D:6      | Got a scorched ring mail
  4465 | D:6      | Identified the +2 ring mail of Bauras {rC+ Dex+2} (You took it off a goblin on level 6 of the Dungeon)
  4469 | D:6      | Found a shattered altar of Ashenzari.
  4472 | D:6      | Found a basalt altar of Yredelemnul.
  4475 | D:6      | Found an iron altar of Okawaru.
  4478 | D:6      | Found a deep blue altar of Sif Muna.
  4735 | D:6      | Reached XP level 9. HP: 75/79 MP: 7/12
  4763 | D:6      | Reached skill level 1 in Crossbows
  4796 | D:6      | Reached skill level 7 in Unarmed Combat
  5394 | D:7      | Got a dazzling flail
  5395 | D:7      | Identified the +6 flail "Gacoxyi" {freeze, +Blink rElec MR- Str+3} (You found it on level 7 of the Dungeon)
  5444 | D:7      | Reached skill level 5 in Fighting
  5613 | D:7      | Found a staircase to the Ecumenical Temple.
  5622 | Temple   | Entered the Ecumenical Temple
  5711 | Temple   | Became a worshipper of Cheibriados the Contemplative
  5735 | D:7      | Noticed Duvessa
  5749 | D:7      | Killed Duvessa
  5755 | D:7      | Noticed Dowan
  5773 | D:7      | Killed Dowan
  6019 | D:8      | Noticed Pikel
  6039 | D:8      | Killed Pikel
  6142 | D:8      | Noticed Maurice
  6187 | D:8      | Reached skill level 8 in Unarmed Combat
  6533 | D:8      | Reached XP level 10. HP: 90/90 MP: 6/13
  6534 | D:8      | Noticed a two-headed ogre
  6543 | D:8      | Killed a two-headed ogre
  6635 | D:8      | Noticed a two-headed ogre
  6647 | D:8      | Killed a two-headed ogre
  6693 | D:8      | Reached skill level 5 in Crossbows
  6780 | D:8      | Reached * piety under Cheibriados
  6970 | D:9      | Reached skill level 9 in Unarmed Combat
  6983 | D:9      | Reached skill level 5 in Dodging
  7394 | D:9      | Reached ** piety under Cheibriados
  7396 | D:9      | Reached XP level 11. HP: 99/99 MP: 2/14
  7495 | D:10     | Entered Level 10 of the Dungeon
  7749 | D:9      | Found a staircase to the Lair.
  7779 | D:9      | Killed Maurice
  7840 | D:9      | Noticed Psyche
  7845 | D:9      | Killed Psyche
  7987 | D:9      | Reached skill level 10 in Unarmed Combat
  8148 | D:9      | Noticed a two-headed ogre
  8170 | D:9      | Killed a two-headed ogre
  8266 | D:10     | Reached *** piety under Cheibriados
  8326 | D:10     | Noticed Harold
  8353 | D:10     | Killed Harold
  8369 | D:10     | Learned a level 5 spell: Blade Hands
  8415 | D:10     | Noticed a two-headed ogre
  8431 | D:10     | Killed a two-headed ogre
  8634 | D:10     | Gained mutation: Your flesh is cold resistant. (rC+) [potion of mutation]
  8634 | D:10     | Gained mutation: You can translocate small distances at will. [potion of mutation]
  8702 | D:10     | Reached **** piety under Cheibriados
  9058 | D:10     | Noticed an unseen horror
  9070 | D:10     | Killed an unseen horror
  9070 | D:10     | Reached XP level 12. HP: 96/109 MP: 13/15
  9261 | D:11     | Reached skill level 11 in Unarmed Combat
  9369 | D:11     | Noticed Grum
  9372 | D:11     | Reached ***** piety under Cheibriados
  9382 | D:11     | Killed Grum
  9615 | D:11     | Noticed a two-headed ogre
  9623 | D:11     | Killed a two-headed ogre
  9644 | D:11     | Got a dazzling scale mail
  9656 | D:11     | Identified the +1 scale mail of Beyond {Int+2} (You found it on level 11 of the Dungeon)
  9677 | D:11     | Learned a level 4 spell: Ice Form
 10139 | D:11     | Found a staircase to the Orcish Mines.
 10354 | D:11     | Noticed a two-headed ogre
 10359 | D:11     | Killed a two-headed ogre
 10506 | D:11     | Found a shimmering altar of Xom.
 10637 | D:11     | Got a pitted quarterstaff {protect}
 10663 | D:11     | Identified the cursed +1 quarterstaff of Fee Simple {protect, +Inv Str+3 Int-5 Dex+6} (You took it off an orc priest on level 11 of the Dungeon)
 10744 | D:12     | Reached ****** piety under Cheibriados
 10797 | D:12     | Noticed Kirke
 11094 | D:12     | Killed Kirke
 11094 | D:12     | Reached skill level 1 in Invocations
 11116 | D:12     | Reached skill level 12 in Unarmed Combat
 11120 | D:12     | Gained mutation: You can use your snake-like lower body to constrict enemies. [Naga growth]
 11120 | D:12     | Reached XP level 13. HP: 118/118 MP: 9/16
 11368 | D:12     | Found a portal to a secret trove of treasure.
 11972 | Lair:1   | Entered Level 1 of the Lair of Beasts
 12025 | Lair:1   | Noticed AverageBear's ghost (journeyman DEFi)
 12031 | Lair:1   | Killed AverageBear's ghost
 12244 | Lair:1   | Reached skill level 10 in Crossbows
 12668 | Lair:2   | Reached skill level 5 in Invocations
 13101 | Lair:2   | Found a staircase to the Swamp.
 13136 | Lair:2   | Reached skill level 13 in Unarmed Combat
 13440 | Lair:2   | Reached XP level 14. HP: 129/129 MP: 18/18
 13575 | Lair:3   | Noticed Sonja
 13586 | Lair:3   | Killed Sonja
 14133 | Lair:3   | Noticed Fannar
 14143 | Lair:3   | Killed Fannar
 14781 | Lair:4   | Found a labyrinth entrance.
 14801 | Lab      | Entered a labyrinth
 15411 | Lab      | Got a pair of twisted gloves
 15453 | Lair:4   | Identified the +2 pair of gloves "Elocsaup" {SInv} (You found it in a labyrinth)
 15683 | Lair:4   | Found a hole to the Spider Nest.
 17149 | Lair:6   | Entered Level 6 of the Lair of Beasts
 17277 | Lair:6   | Reached skill level 14 in Unarmed Combat
 17306 | Lair:6   | Noticed ElMuncho's ghost (journeyman DrMo)
 17318 | Lair:6   | Killed ElMuncho's ghost
 17318 | Lair:6   | Reached XP level 15. HP: 114/138 MP: 13/21
 17433 | Lair:6   | Found a large runed door.
 17434 | Lair:6   | Found a large runed door.
 17479 | Lair:6   | Reached skill level 10 in Fighting
 17547 | Lair:6   | HP: 6/138 [komodo dragon (13)]
 18340 | Lair:6   | Found a staircase to the Slime Pits.
 18745 | Lair:6   | HP: 5/138 [acid (11)]
 18746 | Lair:6   | Splashed with acid

Skill      XL: |  1  2  3  4  5  6  7  8  9 10 11 12 13 14 15 |
---------------+----------------------------------------------+-----
Transmutations | 3 4 5 6 7 8 9 |  9.7
Dodging        | 2 3 4 5 6 7 8 |  8.6
Fighting       | 2 3 4 5 6 7 8 9 10 | 10.1
Unarmed Combat | 4 5 6 8 9 10 12 13 14 | 14.4
Crossbows      | 3 5 7 9 10 11 | 11.9
Invocations    | 1 5 8 9 |  9.2
Spellcasting   | |  2.0

Action                   |  1- 3 |  4- 6 |  7- 9 | 10-12 | 13-15 || total
-------------------------+-------+-------+-------+-------+-------++-------
Melee: Unarmed           |    81 |   138 |   302 |   569 |   444 ||  1534
       Headbutt          |     1 |       |       |       |       ||     1
       Punch             |       |     1 |     6 |     8 |    37 ||    52
       Constrict         |       |       |       |       |    91 ||    91
 Fire: Arbalest          |       |       |       |    10 |   328 ||   338
Throw: Tomahawk          |       |     3 |       |     7 |       ||    10
 Cast: Beastly Appendage |     3 |       |       |       |       ||     3
       Sticks to Snakes  |     2 |     3 |    29 |    25 |     8 ||    67
       Spider Form       |       |    15 |    33 |    34 |     4 ||    86
       Blade Hands       |       |       |       |    15 |    58 ||    73
Invok: Bend Time         |       |       |       |       |     4 ||     4
 Abil: Spit Poison       |    24 |    39 |    40 |    28 |     1 ||   132
       End Transformatio |       |       |     1 |       |       ||     1
       Blink             |       |       |       |     1 |       ||     1
Evoke: Lamp of fire      |       |       |       |     1 |       ||     1
  Use: Scroll            |       |       |     8 |    15 |     2 ||    25
       Potion            |       |       |       |     1 |     3 ||     4
 Stab: Sleeping          |       |     1 |       |     3 |     2 ||     6
       Distracted        |       |     1 |     4 |     6 |     4 ||    15
  Eat: Chunk             |     4 |     8 |    17 |    24 |    32 ||    85
       Bread ration      |       |       |     1 |       |     2 ||     3
Armor: Robe              |    17 |    15 |    12 |       |       ||    44
       Skin              |       |     8 |     7 |    13 |     2 ||    30
       Ring mail         |       |       |    46 |    53 |   117 ||   216
Dodge: Dodged            |    47 |    93 |   203 |   505 |   459 ||  1307
